 Dungeon Sprint DCSS version 0.21.2 (webtiles) character file.

15094 Fang the Severer (level 12, -2/135 HPs)
             Began as a Gargoyle Berserker on Oct 24, 2018.
             Was the Champion of Trog.
             Slain by Jisyte the pandemonium lord (13 damage)
             ... in the Dungeon (Sprint VII: "The Pits").
             The game lasted 00:06:34 (3221 turns).

Fang the Severer (Gargoyle Berserker)               Turns: 3221, Time: 00:06:35

Health: -2/135     AC: 29    Str: 31    XL:     12   Next: 23%
Magic:  8/12       EV: 14    Int:  8    God:    Trog [******]
Gold:   38         SH:  0    Dex:  9    Spells: 11/11 levels left

rFire    . . .     SeeInvis .   m - +3 executioner's axe (freeze)
rCold    . . .     Gourm    .   (shield currently unavailable)
rNeg     + . .     Faith    .   n - +2 plate armour
rPois    ∞         Spirit   .   (no helmet)
rElec    +         Reflect  .   (no cloak)
rCorr    .         Harm     .   (no gloves)
MR       .....     NoTele   +   (no boots)
Stlth    ..........             (no amulet)
HPRegen  0.32/turn              r - +3 ring of protection
MPRegen  0.13/turn              t - +3 ring of evasion

@: berserking (expiring), very quick
A: negative energy resistance 1, electricity resistance, unbreathing,
petrification resistance, rot immunity, AC +8
a: Berserk, Trog's Hand, Brothers in Arms, Burn Spellbooks, Renounce Religion


You were in the Dungeon.
You worshipped Trog.
Trog was exalted by your worship.
You were hungry.

You visited 1 branch You collected 38 gold pieces.

Inventory:

Hand Weapons
 j - a +2 hand axe of draining
 m - a +3 executioner's axe of freezing (weapon)
 p - a +2 hand axe of chopping
 q - a +4 antimagic war axe
Armour
 n - a +2 plate armour (worn)
Jewellery
 b - an uncursed ring of protection from fire
 r - a +3 ring of protection (left hand)
 t - a +3 ring of evasion (right hand)
 w - an uncursed ring of ice
Scrolls
 i - a scroll of blinking
 k - 4 scrolls of remove curse
 l - a scroll of summoning
 v - 2 scrolls of identify
 x - a scroll of magic mapping
 y - 4 scrolls of enchant weapon
 z - 2 scrolls of fear
 A - a scroll of fog
Potions
 a - 2 potions of invisibility
 d - 10 potions of curing
 e - 13 potions of heal wounds
 f - 5 potions of haste
 g - 4 potions of magic
 h - 3 potions of berserk rage
 s - 2 potions of brilliance
 u - a potion of resistance
Comestibles
 c - 8 rations


   Skills:
 + Level 16.8 Fighting
 + Level 19.3 Axes
 + Level 12.3 Armour
 + Level 6.5 Dodging
 + Level 3.4 Stealth


You had 11 spell levels left.
You didn't know any spells.

Dungeon Overview and Level Annotations

Branches:
Dungeon (1/1)

Altars:
Ashenzari
Cheibriados
Dithmenos
Elyvilon
Fedhas
Gozag
Hepliaklqana
Kikubaaqudgha
Makhleb
Nemelex Xobeh
Okawaru
Qazlal
Ru
Sif Muna
Trog
Uskayaw
Vehumet
Wu Jian
Xom
Yredelemnul
Zin
The Shining One
Beogh
Jiyva
Lugonu


Innate Abilities, Weirdness & Mutations

You are resistant to torment.
Your stone body is resilient. (AC +8)
You are immune to poison.
You resist negative energy. (rN+)
You are resistant to electric shocks. (rElec)
You can survive without breathing.
You are immune to petrification.
You are immune to rotting.


Message History

You are confused.
Your plate armour prevents you from hitting Jisyte.
Jisyte is heavily wounded.
Jisyte gestures at you. The bolt of dispelling energy hits you!
Your magical effects are unravelling.
* * * LOW HITPOINT WARNING * * *
Unknown command.
You bump into the metal wall.
You feel less confused.
Unknown command.
You closely miss Jisyte.
Jisyte is heavily wounded.
Jisyte hits you!!
* * * LOW HITPOINT WARNING * * *
Unknown command.
You barely miss Jisyte.
Jisyte is heavily wounded.
Jisyte hits you!
You die...

#+# #3# #&#
################@#
÷................#
)..............).#
+##############..#
#..# #..# #..#
#..# #..#


You could see Jisyte and a soul eater.

Vanquished Creatures
  An emperor scorpion (D)
  Azrael (D)
  A vampire mage (D)
  An orc high priest (D)
  A flayed ghost (D)
  A phantasmal warrior (D)
  An orc knight (D)
  A deep elf mage (D)
  A black mamba (D)
  A rust devil (D)
  A gargoyle (D)
  A spiny frog (D)
  A kobold demonologist (D)
  An efreet (D)
  An ice devil (D)
  A jumping spider (D)
  4 blink frogs (D)
  3 polar bears (D)
  A hippogriff (D)
  A bog body (D)
  A redback (D)
  A shadow (D)
  A tarantella (D)
  A large abomination (D)
  2 basilisks (D)
  4 fire elementals (D)
  6 vampire mosquitoes (D)
  2 wargs (D)
  4 hell hounds (D)
  A soldier ant (D)
  A water moccasin (D)
  An acid dragon (D)
  2 orc warriors (D)
  2 eyes of draining (D)
  7 wolves (D)
  A centaur (D)
  2 scorpions (D)
  3 wights (D)
  2 quasits (D)
  2 orc priests (D)
  A gnoll (D)
  A river rat (D)
  2 ufetubi (D)
  An ooze (D)
  8 orcs (D)
  A ball python (D)
  A giant cockroach (D)
  A goblin (D)
  A hobgoblin (D)
  2 jackals (D)
  A quokka (D)
  A giant cockroach zombie (D)
92 creatures vanquished.

Vanquished Creatures (collateral kills)
  A merfolk impaler (D)
  A sun demon (D)
  2 deep trolls (D)
  An orc sorcerer (D)
  A molten gargoyle (D)
  A komodo dragon (D)
  2 merfolk (D)
  A blink frog (D)
  A snapping turtle (D)
  A redback (D)
  A warg (D)
  2 orc warriors (D)
  A wolf (D)
  An orc wizard (D)
  An iguana (D)
  A river rat (D)
  An adder skeleton (D)
  An orc (D)
21 creatures vanquished.

Grand Total: 113 creatures vanquished

Notes
Turn   | Place    | Note
-------+----------+-------------------------------------------
     0 | D        | Fang the Gargoyle Berserker began the quest for the Orb.
     0 | D        | Reached XP level 1. HP: 14/14 MP: 1/1
    16 | D        | Reached skill level 3 in Axes
    16 | D        | Reached XP level 2. HP: 20/20 MP: 2/2
    82 | D        | Found a glowing golden altar of the Shining One.
    82 | D        | Found a glowing silver altar of Zin.
    82 | D        | Found a basalt altar of Yredelemnul.
    82 | D        | Found a shimmering altar of Xom.
    82 | D        | Found an ornate altar of the Wu Jian Council.
    82 | D        | Found a bloodstained altar of Trog.
    82 | D        | Found a deep blue altar of Sif Muna.
    82 | D        | Found a sacrificial altar of Ru.
    82 | D        | Found a stormy altar of Qazlal.
    82 | D        | Found an iron altar of Okawaru.
    82 | D        | Found a sparkling altar of Nemelex Xobeh.
    82 | D        | Found a burning altar of Makhleb.
    82 | D        | Found a viscous altar of Jiyva.
    82 | D        | Found a hazy altar of Hepliaklqana.
    82 | D        | Found an opulent altar of Gozag.
    82 | D        | Found a blossoming altar of Fedhas.
    82 | D        | Found a white marble altar of Elyvilon.
    82 | D        | Found a shadowy altar of Dithmenos.
    82 | D        | Found a snail-covered altar of Cheibriados.
    93 | D        | Reached ** piety under Trog
   140 | D        | Reached skill level 4 in Axes
   221 | D        | Noticed a scorpion
   223 | D        | Reached skill level 5 in Fighting
   223 | D        | Reached XP level 3. HP: 22/26 MP: 3/3
   223 | D        | Reached *** piety under Trog
   227 | D        | Killed a scorpion
   227 | D        | Reached skill level 5 in Axes
   227 | D        | Reached XP level 4. HP: 28/32 MP: 4/4
   397 | D        | Noticed a warg
   400 | D        | Reached **** piety under Trog
   404 | D        | Killed a warg
   404 | D        | Reached skill level 7 in Axes
   404 | D        | Reached XP level 5. HP: 39/39 MP: 5/5
   409 | D        | Reached ***** piety under Trog
   410 | D        | Reached XP level 6. HP: 45/45 MP: 6/6
   411 | D        | Reached skill level 8 in Axes
   491 | D        | Reached skill level 1 in Stealth
   494 | D        | Noticed an eye of draining
   498 | D        | Killed an eye of draining
   498 | D        | Reached skill level 9 in Axes
   498 | D        | Reached XP level 7. HP: 52/52 MP: 0/7
   665 | D        | Reached skill level 5 in Armour
   667 | D        | Reached ****** piety under Trog
   667 | D        | Reached skill level 10 in Fighting
   672 | D        | Reached skill level 10 in Axes
   759 | D        | Noticed a deep elf mage
   759 | D        | Noticed a bog body
   759 | D        | Noticed a hippogriff
   764 | D        | Killed a bog body
   764 | D        | Reached skill level 11 in Axes
   764 | D        | Reached skill level 5 in Dodging
   770 | D        | Killed a hippogriff
   770 | D        | Reached XP level 8. HP: 60/60 MP: 8/8
   773 | D        | Killed a deep elf mage
   773 | D        | Received a gift from Trog
   773 | D        | Reached skill level 12 in Axes
   890 | D        | Found a radiant altar of Vehumet.
   890 | D        | Found a corrupted altar of Lugonu.
   890 | D        | Found a roughly hewn altar of Beogh.
   891 | D        | Found a hide-covered altar of Uskayaw.
   891 | D        | Found an ancient bone altar of Kikubaaqudgha.
   891 | D        | Found a shattered altar of Ashenzari.
   927 | D        | Reached XP level 9. HP: 65/65 MP: 3/9
   930 | D        | Reached skill level 13 in Axes
  1086 | D        | Noticed a phantasmal warrior
  1097 | D        | Killed a phantasmal warrior
  1097 | D        | Received a gift from Trog
  1097 | D        | Reached skill level 14 in Axes
  1371 | D        | Noticed a black mamba
  1371 | D        | Noticed a gargoyle
  1383 | D        | Killed a black mamba
  1387 | D        | Reached XP level 10. HP: 46/73 MP: 3/10
  1396 | D        | Killed a gargoyle
  1560 | D        | Reached skill level 15 in Axes
  1572 | D        | Noticed a vampire mage
  1573 | D        | Noticed a spiny frog
  1575 | D        | Noticed an orc knight
  1578 | D        | Received a gift from Trog
  1587 | D        | Killed a spiny frog
  1592 | D        | Killed a vampire mage
  1592 | D        | Received a gift from Trog
  1593 | D        | Reached skill level 16 in Axes
  1595 | D        | Killed an orc knight
  1596 | D        | Noticed a sun demon
  1602 | D        | Noticed a molten gargoyle
  1606 | D        | Killed a sun demon
  1610 | D        | Killed a molten gargoyle
  1610 | D        | Reached XP level 11. HP: 41/80 MP: 3/11
  1788 | D        | Received a gift from Trog
  1794 | D        | Got a scorched great sword {god gift}
  1795 | D        | Identified the +2 great sword "Faivvesch" {slice, rF+ Str+3 Int+2 Dex+2} (Trog gifted it to you in the Dungeon)
  2067 | D        | Noticed an orc high priest
  2067 | D        | Noticed a deep troll
  2069 | D        | Noticed an orc sorcerer
  2069 | D        | Noticed a deep troll
  2078 | D        | Noticed a sun demon
  2078 | D        | Reached skill level 17 in Axes
  2079 | D        | Reached skill level 15 in Fighting
  2081 | D        | Killed a deep troll
  2081 | D        | Received a gift from Trog
  2081 | D        | Reached skill level 10 in Armour
  2086 | D        | Noticed a soul eater
  2091 | D        | Killed an orc high priest
  2093 | D        | Killed a deep troll
  2099 | D        | Killed an orc sorcerer
  2101 | D        | Noticed a merfolk impaler
  2101 | D        | Received a gift from Trog
  2110 | D        | Killed a merfolk impaler
  2126 | D        | Reached skill level 18 in Axes
  2345 | D        | Noticed a flayed ghost
  2351 | D        | Received a gift from Trog
  2353 | D        | Killed a flayed ghost
  2410 | D        | Received a gift from Trog
  2688 | D        | Noticed Azrael
  2689 | D        | Noticed an emperor scorpion
  2700 | D        | Killed Azrael
  2700 | D        | Reached skill level 19 in Axes
  2700 | D        | Reached XP level 12. HP: 64/90 MP: 12/12
  2720 | D        | Killed an emperor scorpion
  3093 | D        | Received a gift from Trog
  3202 | D        | Noticed Jisyte the pandemonium lord
  3211 | D        | Noticed a soul eater
  3221 | D        | Slain by Jisyte the pandemonium lord

Skill      XL: |  1  2  3  4  5  6  7  8  9 10 11 12 |
---------------+-------------------------------------+-----
Fighting       | 4 5 6 8 9 11 13 14 16 | 16.8
Axes           | 3 4 5 7 9 11 12 14 16 19 | 19.3
Dodging        | 2 3 4 5 6 |  6.5
Armour         | 3 4 5 6 7 9 11 12 | 12.3
Stealth        | 1 2 3 |  3.4

Action                   |  1- 3 |  4- 6 |  7- 9 | 10-12 || total
-------------------------+-------+-------+-------+-------++-------
Melee: Hand axe          |    18 |    36 |    23 |       ||    77
       War axe           |       |       |    41 |    50 ||    91
       Executioner's axe |       |       |       |   117 ||   117
Invok: Berserk           |     2 |     2 |     4 |     3 ||    11
       Brothers in Arms  |       |       |       |     4 ||     4
  Use: Scroll            |       |       |       |     2 ||     2
       Potion            |       |       |       |     5 ||     5
  Eat: Chunk             |       |     1 |     6 |     8 ||    15
       Ration            |       |       |       |     1 ||     1
Armor: Animal skin       |     5 |       |       |       ||     5
       Plate armour      |       |    33 |    38 |   159 ||   230
Dodge: Dodged            |     8 |    32 |    43 |   142 ||   225
